[Event "Elitserien 2019/2020, round 1-3"]
[Site "Uppsala University, Gamla torget, Uppsala, Sweden"]
[Date "2019.10.20"]
[Round "3.20"]
[White "Barkhagen, Jonas"]
[Black "Gajic, Mladen"]
[Result "1-0"]
[TimeControl "90 minutes for 40 moves + 30 minutes for the rest of the game + 30 seconds per move from move one."]
[WhiteTitle "IM"]
[BlackTitle "FM"]
[WhiteFideId "1700855"]
[BlackFideId "1709178"]
[WhiteElo "2427"]
[BlackElo "2303"]

1. d4 d6 2. e4 Nf6 3. Nc3 e5 4. Nf3 Nbd7 5. Bc4 Be7 6. O-O O-O 7. Qe2 c6 8. a4 a5 9. Rd1 Qc7 10.
h3 h6 11. dxe5 dxe5 12. Nh4 Bb4 13. Na2 Bc5 14. Qf3 Nb6 15. Bb3 Kh7 16. Nf5 Ng8 17. Be3 Bxe3 18. Nxe3 Be6 19. Nc1 Rad8 20.
Rxd8 Qxd8 21. Ng4 Bxg4 22. Qxg4 Qe7 23. Nd3 g6 24. Qg3 Re8 25. Qe3 Nc8 26. Qc5 Qc7 27. Qc3 Nf6 28. Re1 Nd6 29.
f3 Re7 30. Kh1 Nde8 31. Nc5 Nh5 32. Rd1 b6 33. Nd3 Ng3+ 34. Kh2 Ne2 35. Qd2 Nd4 36. Ba2 Ng7 37. c3 Nde6 38. Nf2 Nc5 39.
Qc2 h5 40. b4 Nce6 41. Qb2 Rd7 42. b5 Rxd1 43. Nxd1 Nc5 44. bxc6 Qxc6 45. Bxf7 Nxa4 46. Qd2 Qf6 47. Qd5 h4 48.
Kg1 Nh5 49. Qd7 Nc5 50. Qe8 Ng7 51. Qg8+ Kh6 52. Nf2 Qf4 53. Ng4+ Kg5 54. Qd8+ Kh5 55. Qh8+ 1-0

[Event "Elitserien 2019/2020, round 1-3"]
[Site "Uppsala University, Gamla torget, Uppsala, Sweden"]
[Date "2019.10.20"]
[Round "3.21"]
[White "Rothen, Hakan"]
[Black "Wiedenkeller, Michael"]
[Result "0-1"]
[TimeControl "90 minutes for 40 moves + 30 minutes for the rest of the game + 30 seconds per move from move one."]
[WhiteTitle "FM"]
[BlackTitle "IM"]
[WhiteFideId "1700723"]
[BlackFideId "1700146"]
[WhiteElo "2251"]
[BlackElo "2459"]

1. d4 Nf6 2. Nf3 d5 3. e3 e6 4. Bd3 c5 5. b3 Be7 6. Bb2 b6 7. Ne5 O-O 8. O-O Bb7 9. Nd2 Nbd7 10.
Qf3 Nxe5 11. dxe5 Nd7 12. Qh3 g6 13. f4 Qc7 14. f5 exf5 15. Rxf5 d4 16. Nc4 Bd5 17. Rh5 Be6 18. Qg3 Rfd8 19.
Rf1 Nf8 20. Bf5 Bxc4 21. bxc4 dxe3 22. Be4 e2 23. Re1 Ne6 24. Bxa8 Rxa8 25. Qf3 Rd8 26. Rh3 Ng5 27. Qxe2 Nxh3+ 28. gxh3 Qd7 29. e6 Qxe6 30. Qxe6 fxe6 31. Rxe6 Rd1+ 32. Kf2 Rd2+ 33. Re2 Rxe2+ 34. Kxe2 Bd6 35. Kf3 Kf7 36. Ke4 Ke6 37.
Bc1 Bxh2 38. Bg5 Be5 39. a4 Bc7 40. Bd2 Bd8 41. Bf4 h5 42. Bb8 a6 43. Bf4 g5 44. Be3 Kf6 45. Bf2 Bc7 46.
Kd5 Ke7 47. Kc6 Kd8 48. Kb7 Kd7 49. Be3 g4 50. hxg4 hxg4 51. Bf2 a5 52. Be1 g3 53. Bd2 Be5 54. Be3 Bd4 55. Bf4 g2 56.
Bh2 Ke6 57. Kxb6 Kf5 58. c3 Be3 59. Kxa5 Kg4 60. Kb6 Kh3 61. a5 Kxh2 62. a6 g1=Q 63. a7 Qg2 0-1

[Event "Elitserien 2019/2020, round 1-3"]
[Site "Uppsala University, Gamla torget, Uppsala, Sweden"]
[Date "2019.10.20"]
[Round "3.22"]
[White "Bator, Robert"]
[Black "Thornert, Hakan"]
[Result "1/2-1/2"]
[TimeControl "90 minutes for 40 moves + 30 minutes for the rest of the game + 30 seconds per move from move one."]
[WhiteTitle "IM"]
[WhiteFideId "1700405"]
[BlackFideId "1703749"]
[WhiteElo "2358"]
[BlackElo "2183"]

1. Nf3 d5 2. c4 d4 3. b4 g6 4. Qa4+ c6 5. Bb2 Bg7 6. e3 e5 7. Be2 Ne7 8. O-O O-O 9. Na3 Nf5 10.
e4 Nh4 11. Ne1 f5 12. d3 f4 13. f3 g5 14. c5 h5 15. Nc4 g4 16. Nd6 g3 17. Qb3+ Kh7 18. Nxc8 gxh2+ 19. Kxh2 Qxc8 20.
Rh1 Qd8 21. Kg1 Qg5 22. Qe6 Bf6 23. Bf1 Rg8 24. Kf2 Na6 25. Qc4 Nc7 26. a4 a6 27. Bc1 Qg3+ 28. Ke2 Qg7 29. Bd2 Qe7 30.
Rh2 Rg7 31. Nc2 Rag8 32. Ne1 Bg5 33. Nc2 Kh6 34. Ne1 Kh7 1/2-1/2

[Event "Elitserien 2019/2020, round 1-3"]
[Site "Uppsala University, Gamla torget, Uppsala, Sweden"]
[Date "2019.10.20"]
[Round "3.23"]
[White "Vernersson, Per"]
[Black "Hedman, Erik"]
[Result "0-1"]
[TimeControl "90 minutes for 40 moves + 30 minutes for the rest of the game + 30 seconds per move from move one."]
[BlackTitle "IM"]
[WhiteFideId "1700863"]
[BlackFideId "1702351"]
[WhiteElo "2275"]
[BlackElo "2371"]

1. Nf3 c5 2. g3 Nc6 3. Bg2 Nf6 4. O-O d6 5. c4 Bd7 6.
Nc3 Qc8 7. d3 Bh3 8. Bg5 Bxg2 9. Kxg2 Nd7 10. Rb1 g6 11. a3 Bg7 12. Qc1 h6 13. Bd2 Nd4 14. Nxd4 cxd4 15. Nd5 g5 16. f4 e6 17. Nb4 f5 18. fxg5 hxg5 19. Bxg5 Ne5 20.
Qd1 b5 21. cxb5 Qb7+ 22. Nc6 Ng4 23. h3 Qxb5 24. Nxd4 Bxd4 25. hxg4 Rg8 26. Bh4 Rxg4 27. b4 Kd7 28. a4 Qb7+ 29.
Kh3 Rh8 30. e4 Bf6 31. exf5 Rhxh4+ {clock times up to move 10 are wrong due to
technical problems} 0-1

[Event "Elitserien 2019/2020, round 1-3"]
[Site "Uppsala University, Gamla torget, Uppsala, Sweden"]
[Date "2019.10.20"]
[Round "3.24"]
[White "Berovski, Krum"]
[Black "Malesevic, Nedeljko"]
[Result "1/2-1/2"]
[TimeControl "90 minutes for 40 moves + 30 minutes for the rest of the game + 30 seconds per move from move one."]
[BlackTitle "FM"]
[WhiteFideId "2902931"]
[BlackFideId "1703447"]
[WhiteElo "2349"]
[BlackElo "2251"]

1. d4 d5 2. c4 e6 3. Nc3 Nf6 4. cxd5 exd5 5. Bg5 Be7 6. e3 c6 7. Qc2 Nbd7 8. Bd3 Nf8 9. Nge2 g6 10.
O-O Ne6 11. Bh4 O-O 12. a3 Ng7 13. f3 Nf5 14. Bf2 c5 15. Bxf5 Bxf5 16. e4 dxe4 17. fxe4 cxd4 18. Bxd4 Be6 19.
Rad1 Nd7 20. Nf4 Rc8 21. Qf2 Bc4 22. Rfe1 Bb3 23. Rd2 b6 24. Nfd5 Bh4 25. g3 Bg5 26. Rd3 Bc4 27. Rf3 Rc6 28.
h4 Bh6 29. g4 f6 30. Rd1 Bg7 31. Qg3 Qe8 32. Rd2 Ne5 33. Bxe5 fxe5 34. Rdf2 Rxf3 35. Qxf3 h6 36. g5 Bxd5 37.
exd5 Rc4 38. Ne4 h5 39. d6 Qe6 40. Kg2 Rd4 41. Re2 1/2-1/2

[Event "Elitserien 2019/2020, round 1-3"]
[Site "Uppsala University, Gamla torget, Uppsala, Sweden"]
[Date "2019.10.20"]
[Round "3.25"]
[White "Johansson, Linus"]
[Black "Urkedal, Frode Olav Olsen"]
[Result "1-0"]
[TimeControl "90 minutes for 40 moves + 30 minutes for the rest of the game + 30 seconds per move from move one."]
[WhiteTitle "IM"]
[BlackTitle "GM"]
[WhiteFideId "1711113"]
[BlackFideId "1506102"]
[WhiteElo "2467"]
[BlackElo "2550"]

1. Nf3 Nf6 2. c4 e6 3. g3 d5 4. Bg2 Be7 5. O-O O-O 6. b3 d4 7. e3 c5 8. exd4 cxd4 9. d3 Nc6 10.
a3 a5 11. Bg5 h6 12. Bxf6 Bxf6 13. Nbd2 Be7 14. Qc2 Qc7 15. c5 e5 16. Rfe1 Be6 17. Rac1 Rac8 18. Qb1 b6 19. cxb6 Qxb6 20.
Nxe5 Nxe5 21. Rxc8 Rxc8 22. Rxe5 Bxa3 23. Nc4 Qb4 24. Qd1 Rc5 25. Rxe6 fxe6 26. Qe2 e5 27. Be4 Rc8 28. Bd5+ Kh8 29.
Qg4 Qe1+ 30. Kg2 Rf8 31. f4 exf4 32. gxf4 Bc1 33. Ne5 Qd2+ 34. Kh3 Qe3+ 35. Kg2 Qd2+ 36. Kh3 Re8 37. Qf5 Qe3+ 38.
Kg4 Qe2+ 39. Bf3 Qf1 40. Ng6+ 1-0

[Event "Elitserien 2019/2020, round 1-3"]
[Site "Uppsala University, Gamla torget, Uppsala, Sweden"]
[Date "2019.10.20"]
[Round "3.26"]
[White "Livner, Anders"]
[Black "Jepson, Christian"]
[Result "1/2-1/2"]
[TimeControl "90 minutes for 40 moves + 30 minutes for the rest of the game + 30 seconds per move from move one."]
[WhiteTitle "FM"]
[BlackTitle "IM"]
[WhiteFideId "1704150"]
[BlackFideId "1701185"]
[WhiteElo "2356"]
[BlackElo "2387"]

1. c4 e6 2. g3 d5 3. Bg2 g6 4. Nf3 Bg7 5. O-O Nc6 6. d4 Nge7 7. e3 O-O 8. Nc3 b6 9. Qe2 a5 10.
b3 Bb7 11. Rd1 Nf5 12. Bb2 Re8 13. Rac1 Rc8 14. Na4 Ba6 15. Qe1 Qd6 16. c5 Qd8 17. Bf1 b5 18. Nc3 Rb8 19. a4 Na7 20.
Na2 Nc6 21. Nc3 Na7 22. Nb1 Nc6 23. Nc3 1/2-1/2

[Event "Elitserien 2019/2020, round 1-3"]
[Site "Uppsala University, Gamla torget, Uppsala, Sweden"]
[Date "2019.10.20"]
[Round "3.27"]
[White "Brynell, Stellan"]
[Black "Ong, Kezli"]
[Result "1-0"]
[TimeControl "90 minutes for 40 moves + 30 minutes for the rest of the game + 30 seconds per move from move one."]
[WhiteTitle "GM"]
[WhiteFideId "1700219"]
[BlackFideId "1706500"]
[WhiteElo "2408"]
[BlackElo "2314"]

1. d4 Nf6 2. Nf3 e6 3. c4 Bb4+ 4. Bd2 Qe7 5. g3 Nc6 6. Nc3 Bxc3 7. Bxc3 Ne4 8. Rc1 d6 9. d5 Nxc3 10.
Rxc3 Nb8 11. dxe6 fxe6 12. Bg2 a5 13. O-O O-O 14. Nd4 Na6 15. Qd2 Nc5 16. Ra3 e5 17. Nb3 Nxb3 18. axb3 c6 19.
Rxa5 Rxa5 20. Qxa5 Bg4 21. Qd2 Qf6 22. b4 h6 23. b5 Bd7 24. bxc6 Bxc6 25. Bd5+ Kh8 26. b3 Qd8 27. Bxc6 bxc6 28.
Qe3 Re8 29. Rd1 d5 30. cxd5 cxd5 31. Qd3 d4 32. Qe4 Qa5 33. Kg2 Rb8 34. Rd3 Rf8 35. Rf3 Rxf3 36. Qxf3 Qc5 37. Qb7 Kh7 38.
Qe4+ Kh8 39. h4 Qb5 40. Qd3 Qd5+ 41. f3 Qb7 42. Qc2 Qa8 43. b4 Qa6 44. Qd3 Qe6 45. b5 g6 46. Qe4 Qd6 47.
Qc6 1-0

[Event "Elitserien 2019/2020, round 1-3"]
[Site "Uppsala University, Gamla torget, Uppsala, Sweden"]
[Date "2019.10.20"]
[Round "3.28"]
[White "Degerman, Lars"]
[Black "Haubro, Martin"]
[Result "0-1"]
[TimeControl "90 minutes for 40 moves + 30 minutes for the rest of the game + 30 seconds per move from move one."]
[WhiteTitle "IM"]
[BlackTitle "IM"]
[WhiteFideId "1700227"]
[BlackFideId "1414291"]
[WhiteElo "2446"]
[BlackElo "2343"]

1. c4 e6 2. g3 d5 3. Bg2 dxc4 4. Qa4+ Nd7 5. Qxc4 c5 6. Nf3 Ngf6 7. Qc2 b6 8. O-O Bb7 9. Nc3 Be7 10.
d4 O-O 11. e4 b5 12. e5 Nd5 13. Nxb5 Qb6 14. a4 Rac8 15. dxc5 Rxc5 16. Qe2 Rfc8 17. Be3 Nxe3 18. Qxe3 Bxf3 19.
Bxf3 Nxe5 20. Be2 Bg5 21. Qb3 Rc2 22. Rae1 Bd2 23. Rd1 a6 24. a5 Bxa5 25. Rd6 Qb7 26. Nd4 Qxb3 27. Nxb3 Bb4 28.
Rb6 Rxe2 29. Rxb4 Rxb2 30. Rb7 h5 31. Nc5 Rxb7 32. Nxb7 Rc2 33. h3 Nd3 34. f4 Kf8 35. f5 Ke7 36.
fxe6 fxe6 37. Ra1 Rc1+ 38. Rxc1 Nxc1 39. Kf2 Nb3 0-1

[Event "Elitserien 2019/2020, round 1-3"]
[Site "Uppsala University, Gamla torget, Uppsala, Sweden"]
[Date "2019.10.20"]
[Round "3.29"]
[White "Lindgren, Philip"]
[Black "Lundin, Jan"]
[Result "1-0"]
[TimeControl "90 minutes for 40 moves + 30 minutes for the rest of the game + 30 seconds per move from move one."]
[WhiteTitle "IM"]
[BlackTitle "FM"]
[WhiteFideId "1713230"]
[BlackFideId "1706896"]
[WhiteElo "2348"]
[BlackElo "2291"]

1. Nf3 f5 2. g3 Nf6 3. Bg2 d6 4. d4 g6 5. O-O Bg7 6. b3 O-O 7. Bb2 c6 8. c4 Na6 9. Nbd2 Nc7 10.
Qc2 Nh5 11. b4 Kh8 12. e4 f4 13. d5 e5 14. dxc6 g5 15. c5 g4 16. cxd6 Qxd6 17. Nxe5 f3 18. Bh1 Ne6 19. Ndc4 Qc7 20.
cxb7 Bxb7 21. h3 Ng5 22. hxg4 Bxe4 23. Qd2 Nxg3 24. fxg3 f2+ 25. Kh2 Bxh1 26. Rxh1 Nf3+ 27. Nxf3 Rxf3 28.
Bxg7+ Qxg7 29. Qe2 Raf8 30. Raf1 Qxg4 31. Qe5+ R8f6 1-0

[Event "Elitserien 2019/2020, round 1-3"]
[Site "Uppsala University, Gamla torget, Uppsala, Sweden"]
[Date "2019.10.20"]
[Round "3.30"]
[White "Namini, Armin"]
[Black "Helgason, Reynir"]
[Result "0-1"]
[TimeControl "90 minutes for 40 moves + 30 minutes for the rest of the game + 30 seconds per move from move one."]
[BlackTitle "FM"]
[WhiteFideId "1706322"]
[BlackFideId "1700600"]
[WhiteElo "2251"]
[BlackElo "2253"]

1. c4 e6 2. g3 d5 3. Bg2 Nf6 4. Nf3 Be7 5. O-O O-O 6. d4 c6 7. Nbd2 b6 8. Qc2 Bb7 9. e4 Na6 10.
b3 c5 11. exd5 exd5 12. dxc5 Nxc5 13. Bb2 dxc4 14. Nxc4 Be4 15. Qc3 Nd3 16. Ba3 Bxa3 17. Nxa3 Rc8 18. Qd4 Qe7 19. Nc4 Rfd8 20.
Qe3 Nd5 21. Qe2 N3f4 22. gxf4 Nxf4 23. Qb2 Nxg2 24. Qe5 Qxe5 25. Nfxe5 Nf4 26. Rfd1 f6 27. Nd6 Rxd6 28. Rxd6 fxe5 29.
Re1 Bf3 30. h3 Nxh3+ 31. Kh2 Nxf2 32. Rd7 Ne4 33. Rxa7 Rc2+ 34. Kh3 g5 0-1

[Event "Elitserien 2019/2020, round 1-3"]
[Site "Uppsala University, Gamla torget, Uppsala, Sweden"]
[Date "2019.10.20"]
[Round "3.31"]
[White "Kabadayi, Can"]
[Black "Hjelm, Niclas"]
[Result "1/2-1/2"]
[TimeControl "90 minutes for 40 moves + 30 minutes for the rest of the game + 30 seconds per move from move one."]
[BlackTitle "FM"]
[WhiteFideId "6306810"]
[BlackFideId "1700502"]
[WhiteElo "2208"]
[BlackElo "2309"]

1. d4 d5 2. c4 c6 3. Nf3 Nf6 4. Qc2 g6 5. g3 Bg7 6. Bg2 O-O 7. O-O Bf5 8. Qb3 Qb6 9. Nc3 Na6 10.
Qxb6 axb6 11. cxd5 Nxd5 12. Nxd5 cxd5 13. Bd2 Nb8 14. Rfc1 Nc6 15. e3 Be4 16. Bc3 Rfc8 17. Ne5 Bxg2 18.
Kxg2 Nxe5 19. dxe5 Rc4 20. Bd4 b5 21. b3 Rc6 22. Rxc6 bxc6 23. a4 bxa4 24. bxa4 c5 25. Bxc5 Bxe5 26.
Ra2 Kf8 27. a5 Ra6 28. Bb6 Ke8 29. Rc2 Kd7 30. f4 Bd6 31. Kf3 Bb4 32. Ra2 Kc6 33. e4 dxe4+ 34. Kxe4 Kb5 35. Kd5 Ra8 36.
Rc2 h5 37. h3 Ra6 38. Rc7 Bxa5 39. Bxa5 Rd6 40. Ke5 Re6 41. Kd5 Kxa5 42. Kc5 Ka4 43. Rb7 Re3 44. g4 Rxh3 45. gxh5 Rxh5+ 46. Kc4 Ka5 47. Rxe7 1/2-1/2

[Event "Elitserien 2019/2020, round 1-3"]
[Site "Uppsala University, Gamla torget, Uppsala, Sweden"]
[Date "2019.10.20"]
[Round "3.32"]
[White "Jaderberg, Bjorn"]
[Black "Penalver, Osmani"]
[Result "1/2-1/2"]
[TimeControl "90 minutes for 40 moves + 30 minutes for the rest of the game + 30 seconds per move from move one."]
[WhiteFideId "1712403"]
[BlackFideId "1704516"]
[WhiteElo "2154"]
[BlackElo "2224"]

1. e4 c5 2. Nf3 d6 3. Bb5+ Bd7 4. Bxd7+ Qxd7 5. c4 g6 6. d4 Bg7 7. O-O cxd4 8. Nxd4 Nc6 9. Be3 Nf6 10.
f3 O-O 11. Nc3 e6 12. Qd2 d5 13. Nxc6 bxc6 14. Rad1 Qb7 15. cxd5 cxd5 16. exd5 Nxd5 17. Nxd5 exd5 18. Qxd5 Qxb2 19.
Rf2 Qe5 20. Qxe5 1/2-1/2